 Dungeon Crawl Stone Soup version 0.16-a0-3521-gb1b4986 (webtiles) character file.

1383 rockin the Cleaver (level 8, 0/58 HPs)
             Began as a Human Fighter on Jan 7, 2015.
             Was a Believer of the Shining One.
             Slain by a goliath beetle (17 damage)
             ... on level 7 of the Dungeon.
             The game lasted 00:28:42 (6539 turns).

rockin the Cleaver (Human Fighter)                  Turns: 6539, Time: 00:28:42

Health: 0/58       AC: 13    Str: 19    XL:     8   Next: 99%
Magic:  7/8        EV:  3    Int:  9    God:    the Shining One [**....]
Gold:   291        SH: 15    Dex: 12    Spells: 0 memorised, 7 levels left

rFire  . . .     SeeInvis .     a - +1 war axe
rCold  . . .     Clarity  .     F - +0 plate armour
rNeg   + + .     SustAb   +     c - +0 shield
rPois  .         Gourm    .     y - +0 helmet
rElec  .         Spirit   .     (no cloak)
rCorr  .         Warding  .     (no gloves)
rMut   .         Stasis   .     u - +0 pair of boots
MR     .....                    (no amulet)
Stlth  ..........               x - ring of positive energy
                                G - ring of sustain abilities

@: divine shield, glowing, not resistant to hostile enchantments, extremely
unstealthy
A: no striking features
a: Divine Shield, Renounce Religion


You were on level 7 of the Dungeon.
You worshipped the Shining One.
The Shining One was pleased with you.
You were hungry.

You visited 2 branches of the dungeon, and saw 8 of its levels.

You collected 291 gold pieces.

Inventory:

Hand weapons
 a - a +1 war axe (weapon)
Armour
 c - a +0 shield (worn)
 u - a +0 pair of boots (worn)
 y - a +0 helmet (worn)
 F - a +0 plate armour (worn)
 H - a +0 cloak
Jewellery
 t - an uncursed ring of invisibility
 x - a ring of positive energy (right hand)
 G - a ring of sustain abilities (left hand)
Scrolls
 b - 2 scrolls of fear {unknown}
 f - a scroll of immolation {unknown}
 g - 5 scrolls of teleportation
 j - 3 scrolls of fog
 k - 3 scrolls of remove curse {unknown}
 l - 2 scrolls of amnesia {unknown}
 m - 8 scrolls of enchant weapon
 p - 2 scrolls of identify
 w - a scroll of enchant armour {unknown}
 D - 3 scrolls of blinking {unknown}
 J - a scroll of recharging {unknown}
Potions
 e - 2 potions of might
 h - a potion of haste {unknown}
 n - 2 potions of agility
 o - 2 potions of heal wounds {unknown}
 q - a potion of ambrosia {unknown}
 r - 2 potions of brilliance {unknown}
 v - 2 potions of curing
 z - 2 potions of resistance
 A - 2 potions of poison {unknown}
 B - a potion of magic {unknown}
 E - a potion of degeneration {unknown}
Comestibles
 d - 7 bread rations
 i - 3 slices of pizza
 s - 5 meat rations
 C - a beef jerky


   Skills:
 - Level 3.0 Fighting
 + Level 10.5 Axes
 - Level 3.0 Armour
 - Level 3.0 Shields


You had 7 spell levels left.
You didn't know any spells.

Dungeon Overview and Level Annotations

Branches:
Dungeon (7/15)             Temple (1/1) D:5

Altars:
Cheibriados
Dithmenos
Elyvilon
Fedhas
Gozag
Kikubaaqudgha
Makhleb
Nemelex Xobeh
Okawaru
Qazlal
Ru
Trog
Vehumet
Xom
Yredelemnul
Zin
The Shining One

Shops:
D:4 (?%*   D:7 %


Message History

You hit the goliath beetle but do no damage.
The goliath beetle is heavily wounded.
You block the goliath beetle's attack.
You hit the goliath beetle but do no damage.
The goliath beetle is heavily wounded.
You hit the goliath beetle but do no damage.
The goliath beetle is heavily wounded.
The goliath beetle bites you!
* * * LOW HITPOINT WARNING * * *
Drink which item? (? for menu, Esc to quit)
You feel better.
You slash the goliath beetle!
The goliath beetle is severely wounded.
The goliath beetle barely misses you.
You slash the goliath beetle!
The goliath beetle is almost dead.
You hit the goliath beetle but do no damage.
The goliath beetle is almost dead.
The goliath beetle bites you!
You die...

#..... #......# #..
#<... ##......# ##.
#...####.......## #.
##.#...#...##...# ## #
###..........####.####
..#....$.......# #.....
................# #..###
#...............###.##
#......@............#
##.....B...........##
#..................##
#....................##
............#...####..##
.....#.....###. ##...
#..##.....# . ##.. >#
#.._.. # #.. #.. #..


You could see a goliath beetle.

Vanquished Creatures
  A hungry ghost (D:7)
  A deep elf mage (D:6)
  The ghost of Pikaro the Conjurer, an average OpCj (D:3)
  An orc warrior (D:5)
  An ogre (D:7)
  2 phantoms
  A hound (D:4)
  A goliath beetle (D:6)
  3 orc priests
  A crimson imp (D:7)
  4 worker ants
  A giant frog skeleton (D:4)
  An iguana (D:5)
  Natasha (thrice) (D:5)
  2 orc wizards (D:6)
  A worker ant zombie (D:5)
  8 adders
  2 shadow imps
  5 giant geckos
  15 orcs
  8 bats
  A bat skeleton (D:5)
  11 giant cockroaches
  11 goblins
  17 hobgoblins
  2 quokkas (D:6)
  6 giant newts
  10 jackals
  9 kobolds
  2 quokka zombies
  10 rats
142 creatures vanquished.

Notes
Turn   | Place    | Note
--------------------------------------------------------------
     0 | D:1      | rockin, the Human Fighter, began the quest for the Orb.
     0 | D:1      | Reached XP level 1. HP: 18/18 MP: 1/1
   237 | D:1      | Reached XP level 2. HP: 17/24 MP: 2/2
   418 | D:1      | Reached XP level 3. HP: 29/29 MP: 3/3
   862 | D:2      | Found an opulent altar of Gozag.
  1035 | D:2      | Found a glowing golden altar of the Shining One.
  1051 | D:2      | Became a worshipper of the Shining One
  1283 | D:2      | Reached skill level 4 in Axes
  1283 | D:2      | Reached XP level 4. HP: 25/35 MP: 4/4
  1785 | D:3      | Noticed Pikaro's ghost (average OpCj)
  1926 | D:3      | Found a shadowy altar of Dithmenos.
  2340 | D:3      | Killed Pikaro's ghost
  2340 | D:3      | Reached skill level 5 in Axes
  2340 | D:3      | Reached XP level 5. HP: 23/41 MP: 5/5
  2340 | D:3      | Reached XP level 6. HP: 26/47 MP: 6/6
  2944 | D:4      | Found Hiasiof's Assorted Antiques.
  2959 | D:3      | Reached skill level 6 in Axes
  3253 | D:5      | Entered Level 5 of the Dungeon
  3267 | D:5      | Acquired the Shining One's first power
  3486 | D:4      | Found Ufawiss' Antique Weapon Shoppe.
  3503 | D:4      | Reached XP level 7. HP: 52/52 MP: 7/7
  3581 | D:4      | Reached skill level 7 in Axes
  3825 | D:4      | Found Goklach's Food Shoppe.
  3831 | D:4      | Found Ungot's Magic Scroll Shop.
  4000 | D:5      | Found a sacrificial altar of Ru.
  4063 | D:5      | Noticed Natasha
  4073 | D:5      | Killed Natasha
  4073 | D:5      | Reached skill level 8 in Axes
  4328 | D:5      | Noticed Natasha
  4331 | D:5      | Killed Natasha
  4377 | D:5      | Noticed Natasha
  4378 | D:5      | Killed Natasha
  4453 | D:5      | Acquired the Shining One's second power
  4508 | D:5      | Found a staircase to the Ecumenical Temple.
  4519 | Temple   | Entered the Ecumenical Temple
  4689 | D:6      | Reached XP level 8. HP: 20/58 MP: 8/8
  4964 | D:5      | Reached skill level 9 in Axes
  5322 | D:6      | Noticed a deep elf mage
  5504 | D:6      | Killed a deep elf mage
  6067 | D:7      | Found a white marble altar of Elyvilon.
  6091 | D:7      | Reached skill level 10 in Axes
  6138 | D:7      | Found Otuettot's Food Shoppe.
  6522 | D:7      | Found a sacrificial altar of Ru.
  6539 | D:7      | Slain by a goliath beetle

Action                   |  1- 3 |  4- 6 |  7- 9 || total
-------------------------+-------+-------+-------++-------
Melee: War axe           |   142 |   157 |   213 ||   512
Invok: Divine Shield     |       |       |     3 ||     3
  Use: Scroll            |       |     4 |     2 ||     6
       Potion            |       |       |     1 ||     1
  Eat: Chunk             |     1 |     8 |    10 ||    19
